 Dungeon Crawl Stone Soup version 0.24.0-123-gd5b16e6ec5 (webtiles) character file.

Game seed: 9131285453582052110, levelgen mode: deterministic

137 brucemayne the Chopper (level 5, -4/45 HPs)
             Began as a Hill Orc Monk on Jan 18, 2020.
             Slain by Natasha (7 damage)
             ... on level 2 of the Dungeon.
             The game lasted 00:04:35 (1485 turns).

brucemayne the Chopper (Hill Orc Monk)              Turns: 1485, Time: 00:04:36

Health: -4/45      AC: 10    Str: 14 (15) XL:     5   Next: 20%
Magic:  5/5        EV:  6    Int:  8 (10) God:
Gold:   81         SH:  0    Dex: 12 (13) Spells: 4/4 levels left

rFire    . . .     SeeInvis .   a - +0 hand axe
rCold    . . .     Gourm    .   (no shield)
rNeg     . . .     Faith    .   g - +0 chain mail
rPois    .         Spirit   .   n - +0 helmet
rElec    .         Reflect  .   f - +0 cloak
rCorr    .         Harm     .   (no gloves)
MR       .....                  (no boots)
Stlth    ..........             (no amulet)
HPRegen  0.15/turn              (no ring)
MPRegen  0.09/turn              (no ring)

@: slowed, very slow
A: no striking features
a: no special abilities


You were on level 2 of the Dungeon.
You were not hungry.

You visited 1 branch of the dungeon, and saw 3 of its levels.

You collected 81 gold pieces.

Inventory:

Hand Weapons
 a - a +0 hand axe (weapon)
 h - a +0 whip of flaming
 m - a +7 club
Armour
 b - a +0 robe
 f - a +0 cloak (worn)
 g - a +0 chain mail (worn)
 n - a +0 helmet (worn)
 p - a +0 plate armour
Scrolls
 d - a scroll of identify {unknown}
 i - 2 scrolls of blinking {unknown}
 k - 2 scrolls of remove curse {unknown}
 l - a scroll of teleportation {unknown}
 q - a scroll of enchant armour {unknown}
 r - a scroll of immolation {unknown}
Comestibles
 c - 2 rations
 j - 4 chunks of flesh


   Skills:
 - Level 3.6 Fighting
 + Level 7.6 Axes
 - Level 2.4 Dodging
 - Level 1.5 Stealth


You had 4 spell levels left.
You didn't know any spells.
Your spell library was empty.

Dungeon Overview and Level Annotations

Branches:
Dungeon (3/15)

Altars:
Okawaru
Zin

Annotations:
D:2 Natasha


Message History

* * * LOW HITPOINT WARNING * * *
You miss Natasha.
Natasha is severely wounded.
You hit the white imp but do no damage.
The white imp disappears in a puff of smoke!
Natasha drinks a potion.
Natasha is healed!
Natasha claws you but does no damage.
Unknown command.
You aren't carrying any potions.
Unknown command.
Okay, then.
You aren't carrying any items that you can evoke.
Unknown command.
You closely miss Natasha.
Natasha is moderately wounded.
Natasha claws you but does no damage.
You hit Natasha.
Natasha is moderately wounded.
Natasha claws you but does no damage. Natasha claws you!
You die...

#.. #. ##.#. .#......#
#..##.##......#
#†..#.#.......# #####
##....#........#
....###.†..###.......#
....##..#...#........#
.......##..#.#..h...?#
....#####.##.##.@#
.....# #.#...#.#...#
.......##..###..#...#
....##....#...#.#...#
########..##.##.#...#
##..###......# ##.
.##...# # # ...# ..


You could see Natasha.

Vanquished Creatures
  Natasha (twice) (D:2)
  Robin (D:2)
  A gnoll (D:1)
  3 adders
  A worm (D:1)
  A leopard gecko (D:1)
  An orc (D:2)
  A bat (D:2)
  2 giant cockroaches
  8 goblins
  8 hobgoblins
  A quokka (D:1)
  A frilled lizard (D:2)
  4 kobolds (D:1)
  2 rats (D:2)
37 creatures vanquished.

Notes
Turn   | Place    | Note
-------+----------+-------------------------------------------
     0 | D:1      | brucemayne the Hill Orc Monk began the quest for the Orb.
     0 | D:1      | Reached XP level 1. HP: 19/19 MP: 1/1
   152 | D:2      | Noticed Natasha
   161 | D:2      | Noticed an iron imp
   162 | D:2      | Killed Natasha
   162 | D:2      | Reached skill level 5 in Axes
   162 | D:2      | Reached XP level 2. HP: 2/26 MP: 2/2
   162 | D:2      | Reached XP level 3. HP: 3/31 MP: 3/3
   519 | D:2      | Noticed Robin
   679 | D:1      | Reached skill level 6 in Axes
   809 | D:2      | Reached XP level 4. HP: 15/39 MP: 4/4
  1037 | D:2      | Noticed Natasha
  1056 | D:2      | Killed Robin
  1252 | D:2      | Killed Natasha
  1252 | D:2      | Reached skill level 7 in Axes
  1306 | D:3      | Reached XP level 5. HP: 35/45 MP: 5/5
  1347 | D:3      | Noticed an angel
  1348 | D:3      | Found a glowing silver altar of Zin.
  1367 | D:3      | Found an iron altar of Okawaru.
  1464 | D:2      | Noticed Natasha
  1482 | D:2      | HP: 2/45 [Natasha/magic dart (8)]
  1485 | D:2      | Slain by Natasha

Levels and vault maps discovered:
D:1:      nagdon_arrival_double_spiral, layout_basic
D:2:      layout_rooms, minmay_ruptured, uniq_robin, uniq_natasha
D:3:      lemuel_castle_with_subvaults [lemuel_castle_interior_carwin_3],
          layout_rooms, zin_angel, kennysheep_okawaru_gauntlet, uniq_grinder

Skill      XL: |  1  2  3  4 |
---------------+-------------+-----
Axes           | 5 6 7 |  7.6
Fighting       | |  3.6
Dodging        | |  2.4
Stealth        | |  1.5

Action                   |  1- 3 |  4- 6 || total
-------------------------+-------+-------++-------
Melee: Hand axe          |    71 |   111 ||   182
  Use: Potion            |       |     2 ||     2
  Eat: Chunk             |       |     2 ||     2
Armor: Robe              |     1 |       ||     1
       Chain mail        |    39 |    67 ||   106
Dodge: Dodged            |    23 |    30 ||    53
